 Dungeon Crawl Stone Soup version 0.31-a0-692-gf03d1854d5 (webtiles) character file.

Game seed: 5236233361403665803

102661 qw the Marksgargoyle (level 16, 0/108 HPs)
             Began as a Gargoyle Hunter on Sept 6, 2023.
             Was a High Priest of Okawaru.
             Slain by an orc warrior
             ... wielding a +0 scimitar
              (20 damage)
             ... on level 2 of the Orcish Mines.
             The game lasted 00:10:53 (18929 turns).

qw the Marksgargoyle (Gargoyle Hunter)             Turns: 18929, Time: 00:10:54

Health: 0/108      AC: 29    Str: 14    XL:     16   Next: 33%
Magic:  21/23      EV: 25    Int: 13    God:    Okawaru [*****.]
Gold:   678        SH:  0    Dex: 25    Spells: 15/15 levels left

rFire   . . .        r - +4 longbow (heavy)
rCold   + + +        (shield currently unavailable)
rNeg    + . .        a - +0 troll leather armour
rPois   inf          i - +2 helmet
rElec   +            d - +2 cloak of Rielunygg {rC+}
rCorr   .            x - +1 pair of gloves of the Orb Guardian {rPois rC+++ Will+ Slay-3}
SInv    +            m - +1 pair of boots
Will    ++...        w - amulet of faith
Stlth   ++++         A - +6 ring of dexterity
HPRegen 1.18/turn    t - ring of see invisible
MPRegen 0.18/turn

%: faith
@: about to teleport, heroic, finesse-ful, flying
A: sickness immunity, AC +12, big wings, negative energy resistance 1,
electricity resistance, torment resistance 1, petrification resistance
a: Renounce Religion, Heroism, Finesse, Duel


You were on level 2 of the Orcish Mines.
You worshipped Okawaru.
Okawaru was extremely pleased with you.
You visited 3 branches of the dungeon, and saw 22 of its levels.
You also visited: Gauntlet.

You collected 2176 gold pieces.
You spent 1498 gold pieces at shops.


Innate Abilities, Weirdness & Mutations

You are immune to sickness and miasma.
Your stone body is resilient. (AC +12)
You are immune to poison.
Your large and strong wings let you fly.
You resist negative energy. (rN+)
You are resistant to electric shocks. (rElec)
You are resistant to unholy torment.
You are immune to petrification.


   Skills:
 - Level 15.0(20.0) Fighting
 - Level 20.0(25.0) Ranged Weapons
 + Level 7.7(12.7) Armour
 - Level 10.0(15.0) Dodging
 - Level 1.1(6.1) Stealth
 - Level 10.0 Invocations


You had 15 spell levels left.
You didn't know any spells.
Your spell library was empty.

Inventory:

Hand Weapons
 r - a +4 heavy longbow (weapon)
Armour
 a - a +0 troll leather armour (worn)
 d - the +2 cloak of Rielunygg (worn) {rC+}
   (You found it in a Gauntlet)

   rC+:       It protects you from cold.
 f - a +2 pair of gloves
 i - a +2 helmet (worn)
 m - a +1 pair of boots (worn)
 p - the +1 cloak of Starlight {*Dazzle EV+4 Stlth--}
   (You bought it in a shop on level 2 of the Orcish Mines)

   *Dazzle:   It may blind those who miss an attack against the wearer in melee
   combat.
   EV+4:      It affects your evasion (+4).
   Stlth--:   It makes you much less stealthy.
 x - the +1 pair of gloves of the Orb Guardian (worn) {rPois rC+++ Will+ Slay-3}
   (Okawaru gifted it to you on level 14 of the Dungeon)

   Slay-3:    It affects your accuracy & damage with ranged weapons and melee
   (-3).
   rC+++:     It renders you almost immune to cold.
   rPois:     It protects you from poison Will+: It increases your willpower.
Jewellery
 g - a +5 ring of evasion
 h - a ring of fire
 l - an amulet of regeneration
 t - a ring of see invisible (right hand)
 w - an amulet of faith (around neck)
 A - a +6 ring of dexterity (left hand)
 Y - a +4 ring of protection
Wands
 b - a wand of digging (12)
Scrolls
 o - 9 scrolls of identify
 q - 7 scrolls of teleportation
 y - 2 scrolls of brand weapon
Potions
 c - 3 potions of might
 e - 3 potions of haste
 j - a potion of resistance
 k - 4 potions of mutation
 n - 3 potions of enlightenment
 s - 8 potions of curing
 z - a potion of magic

Dungeon Overview and Level Annotations

Branches:
Dungeon (15/15)            Temple (0/1) D:7            Lair (5/5) D:10
 Shoals (0/4) Lair:2       Spider (0/4) Lair:2        Slime (0/5) Lair:4
    Orc (2/2) D:12            Elf (0/3) Orc:2        Vaults (0/5) D:14
 Depths (0/4) D:15        Gauntlet (visited)

Altars:
Cheibriados
Dithmenos
Fedhas
Hepliaklqana
Kikubaaqudgha
Makhleb
Nemelex Xobeh
Okawaru
Qazlal
Sif Muna
Uskayaw
Vehumet
Wu Jian
Xom
Yredelemnul
Zin
Jiyva
Lugonu

Shops:
D:5 (   D:14 *   Orc:2 ***[

Portals:
Abyss: Lair:5


Message History

The orc warrior hits you with a +0 scimitar!
The orc warrior throws a boomerang.
The boomerang hits you but does no damage.
The orc warrior hits you with a +0 hand axe.
You shoot an arrow.
The arrow closely misses the orc warrior.
The arrow hits the orc!!!!
You kill the orc!
You shoot an arrow. The arrow hits the orc warrior.
The orc warrior is moderately wounded.
The orc priest no longer looks unusually strong.
The orc warrior no longer looks unusually strong.
The orc warrior hits you but does no damage.
The orc warrior closely misses you.
You shoot an arrow. The arrow hits the orc warrior!!
You kill the orc warrior!
Okawaru accepts your kill. The orc warrior misses you.
You shoot an arrow. The arrow hits the orc warrior!!!
You kill the orc warrior!
Okawaru accepts your kill.
The orc warrior hits you with a +0 scimitar.
The orc warrior throws a boomerang.
The boomerang hits you but does no damage.
The orc warrior completely misses you.
You shoot an arrow. The arrow hits the orc warrior!!!
You kill the orc warrior!
Okawaru accepts your kill.
You shoot an arrow. The arrow hits the orc!!!
You kill the orc!
The orc priest invokes the aid of Beogh against you.
Beogh smites you!
An orc priest comes into view. It is wielding a +0 dagger.
The orc warrior completely misses you.
18929 ||| READING 8 scrolls of teleportation.
As you read the scroll of teleportation, it crumbles to dust.
You feel strangely unstable.
The orc warrior no longer looks unusually strong.
The orc warrior hits you with a +0 scimitar!!
You die...

.##
.#....##.#............
..#
......o#..^...........
..#
..)oo.o'..............
..#
o..oooh'..............
..#
...T.o.#o.............
..#
....o.##..............
..#
.....##o..............
..#
....##oo..............
..##
#####@o.o#............
#..#
##)####....#....##
#### ### ############


You could see 2 orc warriors, 2 orc priests and 2 orcs.

Vanquished Creatures
  A juggernaut zombie (D:15)
  An orc warlord (Orc:2)
  A minotaur (Gauntlet)
  A demonspawn (Orc:2)
  5 boulder beetles
  2 catoblepae
  7 hydras
  5 centaur warriors
  4 two-headed ogres
  2 death yaks
  A tengu warrior (D:15)
  Urug (Orc:1)
  4 thrashing horrors (Lair:5)
  5 orc high priests (Orc:2)
  A shock serpent (shapeshifter) (D:14)
  A soul eater (Orc:2)
  3 skysharks
  A fire crab (shapeshifter) (D:14)
  10 skeletal warriors
  A wizard (D:14)
  A lindwurm (D:14)
  An obsidian statue (D:9)
  A necromancer (D:15)
  5 orc knights (Orc:2)
  A phantasmal warrior (D:15)
  2 deep elf pyromancers
  5 orc sorcerers (Orc:2)
  4 ugly things
  4 oklob plants
  4 cyclopes
  A salamander (shapeshifter) (Lair:5)
  A moth of wrath (Gauntlet)
  4 manticores
  3 rust devils (Orc:2)
  7 black mambas
  2 smoke demons (Lair:5)
  2 molten gargoyles (Gauntlet)
  Joseph (Lair:1)
  8 cane toads
  2 gargoyles
  An unseen horror (D:11)
  2 minotaur zombies (Gauntlet)
  3 efreet
  4 kobold demonologists
  2 freezing wraiths (D:15)
  3 rime drakes
  2 tengu conjurers
  6 komodo dragons
  A queen bee (Lair:3)
  14 trolls
  A red devil (Orc:2)
  3 meliai (D:14)
  4 polar bears
  3 raiju (Lair:5)
  A hornet (D:9)
  28 blink frogs
  4 dream sheep (Lair:3)
  A spriggan zombie (D:15)
  2 ettin zombies (D:15)
  11 slime creatures
  A spriggan (Lair:5)
  2 shadows
  3 vampires
  A water elemental (D:11)
  3 wyverns
  3 wraiths
  3 ynoxinuls (Lair:5)
  2 steam dragons
  34 yaks
  11 basilisks
  A chaos spawn (Lair:5)
  3 redbacks (Gauntlet)
  9 vampire mosquitoes
  7 wargs (Orc:2)
  2 death yak simulacra (Lair:5)
  23 water moccasins
  A sky beast (D:6)
  37 orc warriors
  3 ice beasts
  5 black bears
  8 small abominations (Lair:5)
  4 boggarts (D:15)
  6 ogres
  11 centaurs
  30 wolves
  A phantom (D:5)
  23 kobold brigands
  12 bullfrogs
  A cane toad simulacrum (Lair:5)
  2 gnoll sergeants
  3 scorpions
  11 wights
  2 elephant simulacra (Lair:5)
  22 killer bees
  4 howler monkeys
  2 electric eels (D:11)
  2 hounds (D:5)
  4 jellies
  17 orc priests
  An iron imp (D:15)
  5 iguanas
  Natasha (twice) (D:4)
  23 orc wizards
  A wolf simulacrum (Lair:5)
  5 gnolls
  6 adders
  2 white imps (D:5)
  An ufetubus (D:4)
  A worm (D:4)
  4 dart slugs
  63 orcs
  9 endoplasms
  6 giant cockroaches
  16 goblins
  4 hobgoblins
  5 jackals (D:1)
  4 quokkas
  9 ball pythons
  3 bats
  30 kobolds
  9 rats
740 creatures vanquished.

Vanquished Creatures (others)
  An orc wizard (Orc:2)
1 creature vanquished.

Grand Total: 741 creatures vanquished

Notes
Turn   | Place    | Note
-------+----------+-------------------------------------------
     0 | D:1      | qw the Gargoyle Hunter began the quest for the Orb.
     0 | D:1      | Reached XP level 1. HP: 12/12 MP: 1/1
     0 | D:1      | 0 ||| qw: Version: 0.3-a-76-g4403597
     0 | D:1      | 0 ||| qw: Game counter: 81
     0 | D:1      | 0 ||| qw: Melee chars always use a shield: true
     0 | D:1      | 0 ||| qw: God list: Okawaru
     0 | D:1      | 0 ||| qw: Allow faded altars: false
     0 | D:1      | 0 ||| qw: Do Orc after clearing Dungeon:15 true
     0 | D:1      | 0 ||| qw: Do second Lair branch before Depths: true
     0 | D:1      | 0 ||| qw: Lair rune preference: random
     0 | D:1      | 0 ||| qw: Goals: Normal
     0 | D:1      | 0 ||| PLANNING D:1-11
   137 | D:1      | Reached XP level 2. HP: 17/17 MP: 2/2
   503 | D:1      | Reached XP level 3. HP: 19/21 MP: 3/3
   506 | D:1      | Reached skill level 5 in Ranged Weapons
   591 | D:1      | 591 ||| UPGRADING to +0 ring mail.
   601 | D:1      | 601 ||| DROPPING +0 leather armour.
   602 | D:1      | 602 ||| UPGRADING to +0 pair of gloves.
   607 | D:1      | 607 ||| READING scroll labelled GEUSHA UPERPHIV.
   608 | D:1      | 608 ||| DRINKING 2 bubbling blue potions.
   609 | D:1      | 609 ||| DRINKING 2 fuming black potions.
   610 | D:1      | 610 ||| DROPPING scroll of butterflies.
   611 | D:1      | 611 ||| DROPPING potion of degeneration.
   878 | D:2      | Reached skill level 1 in Armour
  1097 | D:2      | HP: 5/22 [goblin/+0 dagger (1)]
  1098 | D:2      | 1098 ||| DRINKING 2 potions of heal wounds.
  1104 | D:2      | Reached skill level 3 in Fighting
  1104 | D:2      | Reached XP level 4. HP: 25/28 MP: 4/4
  1460 | D:2      | 1460 ||| READING scroll labelled HOSSYC USCHYLL.
  1460 | D:2      | Identified a scroll of acquirement
  1460 | D:2      | 1460 ||| ACQUIRING +2 longbow of flaming
  1460 | D:2      | Acquired a +2 longbow of flaming
  1462 | D:2      | 1462 ||| SWAPPING to +2 longbow of flaming.
  1463 | D:2      | 1463 ||| DROPPING +0 shortbow.
  1515 | D:3      | 1515 ||| READING scroll of enchant armour.
  1515 | D:3      | 1515 ||| ENCHANTING +0 pair of gloves.
  1548 | D:3      | 1548 ||| FLEEEEING.
  1708 | D:3      | Identified the +3 dagger "Sahodian" {holy, rC++ Will+
                  | Str+2}
  1929 | D:3      | Found a faded altar of an unknown god.
  2057 | D:3      | 2057 ||| UPGRADING to +0 helmet.
  2336 | D:4      | Reached XP level 5. HP: 32/32 MP: 5/5
  2450 | D:4      | Noticed Natasha
  2452 | D:4      | 2452 ||| FLEEEEING.
  2460 | D:4      | Killed Natasha
  2981 | D:4      | Found a blossoming altar of Fedhas.
  2984 | D:4      | 2984 ||| UPGRADING to +0 pair of boots.
  2989 | D:4      | 2989 ||| READING scroll labelled ASOOPN QAKK.
  2990 | D:4      | 2990 ||| DRINKING 3 murky green potions.
  3015 | D:4      | Noticed Natasha
  3019 | D:4      | Killed Natasha
  3020 | D:4      | Reached skill level 6 in Ranged Weapons
  3073 | D:5      | Entered Level 5 of the Dungeon
  3073 | D:5      | Noticed a phantom
  3078 | D:5      | 3078 ||| STAIRDANCE
  3083 | D:5      | Killed a phantom
  3084 | D:5      | Reached skill level 3 in Armour
  3084 | D:5      | Reached XP level 6. HP: 31/37 MP: 6/6
  3177 | D:5      | Reached XP level 7. HP: 27/43 MP: 7/7
  3255 | D:5      | Reached skill level 7 in Ranged Weapons
  3292 | D:5      | Found Laokus's Weapon Boutique.
  3395 | D:5      | Reached skill level 8 in Ranged Weapons
  3445 | D:5      | Found a radiant altar of Vehumet.
  3461 | D:5      | Found a basalt altar of Yredelemnul.
  3463 | D:5      | Found a shimmering altar of Xom.
  3464 | D:5      | Found a burning altar of Makhleb.
  3464 | D:5      | Found an ornate altar of the Wu Jian Council.
  3464 | D:5      | Found a shadowy altar of Dithmenos.
  3464 | D:5      | Found a shimmering blue altar of Sif Muna.
  3465 | D:5      | Found a hazy altar of Hepliaklqana.
  3466 | D:5      | Found an ancient bone altar of Kikubaaqudgha.
  3467 | D:5      | Found a snail-covered altar of Cheibriados.
  3468 | D:5      | Found a sparkling altar of Nemelex Xobeh.
  3469 | D:5      | Found a glowing silver altar of Zin.
  3625 | D:5      | 3625 ||| UPGRADING to +4 ring of protection.
  3626 | D:5      | 3626 ||| READING scroll labelled TUMEAL BUDODU.
  3627 | D:5      | 3627 ||| READING 2 scrolls labelled JOVEMA YLUFFAV.
  3628 | D:5      | 3628 ||| READING scroll labelled KOSUTEKHLA YROXI.
  3629 | D:5      | 3629 ||| READING scroll labelled MODIUL FEHOA.
  3634 | D:5      | 3634 ||| DRINKING 3 bubbling sapphire potions.
  3635 | D:5      | 3635 ||| DRINKING 2 ruby potions.
  3636 | D:5      | 3636 ||| DROPPING potion of invisibility.
  3691 | D:6      | Reached XP level 8. HP: 50/50 MP: 8/8
  4163 | D:6      | Found a hide-covered altar of Uskayaw.
  4204 | D:6      | Reached skill level 9 in Ranged Weapons
  4307 | D:6      | Found an iron altar of Okawaru.
  4308 | D:6      | 4308 ||| PLANNING OKAWARU WORSHIP
  4308 | D:6      | 4308 ||| UPGRADING to amulet of regeneration.
  4313 | D:6      | 4313 ||| READING scroll labelled SILEXA FOULEI.
  4314 | D:6      | 4314 ||| READING 2 scrolls of identify.
  4314 | D:6      | 4314 ||| IDENTIFYING yellow potion
  4315 | D:6      | 4315 ||| DROPPING potion of brilliance.
  4323 | D:6      | Became a worshipper of Warmaster Okawaru
  4324 | D:6      | 4324 ||| PLANNING D:1-11
  4467 | D:7      | Reached skill level 6 in Fighting
  4613 | D:7      | Found a staircase to the Ecumenical Temple.
  4819 | D:7      | 4819 ||| RETREATING.
  4875 | D:7      | Reached skill level 10 in Ranged Weapons
  4875 | D:7      | Reached XP level 9. HP: 55/55 MP: 9/9
  4978 | D:7      | Reached * piety under Okawaru
  5317 | D:7      | 5317 ||| INVOKING Heroism.
  5453 | D:7      | 5453 ||| READING scroll labelled TOSURE DATO.
  5454 | D:7      | 5454 ||| READING scroll labelled UBRYCVISSU.
  5455 | D:7      | 5455 ||| DRINKING 2 bubbling inky potions.
  5456 | D:7      | 5456 ||| READING 2 scrolls of identify.
  5456 | D:7      | 5456 ||| IDENTIFYING viscous blue potion
  5457 | D:7      | 5457 ||| DROPPING potion of berserk rage.
  5488 | D:8      | 5488 ||| INVOKING Heroism.
  5552 | D:8      | 5552 ||| RETREATING.
  5555 | D:8      | Reached skill level 1 in Invocations
  5560 | D:8      | 5560 ||| FLEEEEING.
  5561 | D:8      | 5561 ||| FLEEEEING.
  5619 | D:8      | Reached skill level 3 in Invocations
  5639 | D:8      | 5639 ||| RETREATING.
  5644 | D:8      | 5644 ||| Stepping ~*~*~tactically~*~*~ (retreating).
  5650 | D:8      | 5650 ||| INVOKING Heroism.
  5806 | D:8      | 5806 ||| Stepping ~*~*~tactically~*~*~ (outnumbered).
  5813 | D:8      | Reached skill level 11 in Ranged Weapons
  6038 | D:8      | 6038 ||| READING 3 scrolls of identify.
  6038 | D:8      | 6038 ||| IDENTIFYING fuming dark potion
  6039 | D:8      | 6039 ||| READING 2 scrolls of identify.
  6039 | D:8      | 6039 ||| IDENTIFYING fizzy red potion
  6040 | D:8      | 6040 ||| DROPPING potion of lignification.
  6080 | D:9      | 6080 ||| Stepping ~*~*~tactically~*~*~ (outnumbered).
  6086 | D:9      | Reached skill level 3 in Dodging
  6263 | D:9      | Noticed a kobold demonologist
  6265 | D:9      | 6265 ||| Stepping ~*~*~tactically~*~*~ (outnumbered).
  6266 | D:9      | 6266 ||| RETREATING.
  6271 | D:9      | Reached ** piety under Okawaru
  6274 | D:9      | Reached XP level 10. HP: 58/63 MP: 13/13
  6278 | D:9      | Killed a kobold demonologist
  6326 | D:9      | Reached *** piety under Okawaru
  6328 | D:9      | Reached skill level 12 in Ranged Weapons
  6532 | D:9      | Noticed an obsidian statue
  6533 | D:9      | 6533 ||| INVOKING Heroism.
  6542 | D:9      | Killed an obsidian statue
  6689 | D:9      | 6689 ||| INVOKING Heroism.
  6760 | D:9      | Reached skill level 13 in Ranged Weapons
  6864 | D:9      | 6864 ||| DROPPING amulet of magic regeneration.
  6865 | D:9      | 6865 ||| READING scroll labelled RERUDU MAIZAMA.
  6982 | D:10     | Entered Level 10 of the Dungeon
  6996 | D:10     | 6996 ||| INVOKING Heroism.
  7003 | D:10     | Reached skill level 9 in Fighting
  7004 | D:10     | Reached **** piety under Okawaru
  7014 | D:10     | Reached XP level 11. HP: 71/71 MP: 14/14
  7085 | D:10     | 7085 ||| RETREATING.
  7087 | D:10     | 7087 ||| Stepping ~*~*~tactically~*~*~ (retreating).
  7088 | D:10     | 7088 ||| Stepping ~*~*~tactically~*~*~ (retreating).
  7093 | D:10     | 7093 ||| INVOKING Heroism.
  7107 | D:10     | 7107 ||| INVOKING Heroism.
  7192 | D:10     | Found a flagged portal.
  7224 | D:10     | 7224 ||| INVOKING Heroism.
  7227 | D:10     | 7227 ||| Stepping ~*~*~tactically~*~*~ (outnumbered).
  7228 | D:10     | 7228 ||| Stepping ~*~*~tactically~*~*~ (outnumbered).
  7260 | D:10     | Found a staircase to the Lair.
  7332 | D:10     | Found a stormy altar of Qazlal.
  7345 | D:10     | 7345 ||| INVOKING Heroism.
  7524 | D:10     | 7524 ||| PLANNING LAIR
  7524 | D:10     | 7524 ||| DROPPING scarf of shadows.
  7525 | D:10     | 7525 ||| READING scroll labelled IGROH QERE.
  7526 | D:10     | 7526 ||| READING scroll labelled RUTSUL ECIN.
  7539 | D:10     | 7539 ||| READING 2 scrolls of identify.
  7539 | D:10     | 7539 ||| IDENTIFYING golden potion
  7577 | Lair:1   | Entered Level 1 of the Lair of Beasts
  7612 | Lair:1   | 7612 ||| INVOKING Heroism.
  7615 | Lair:1   | 7615 ||| RETREATING.
  7621 | Lair:1   | Reached skill level 6 in Invocations
  7630 | Lair:1   | 7630 ||| Stepping ~*~*~tactically~*~*~ (retreating).
  7631 | Lair:1   | 7631 ||| Stepping ~*~*~tactically~*~*~ (retreating).
  7632 | Lair:1   | 7632 ||| Stepping ~*~*~tactically~*~*~ (retreating).
  7633 | Lair:1   | 7633 ||| Stepping ~*~*~tactically~*~*~ (retreating).
  7634 | Lair:1   | 7634 ||| Stepping ~*~*~tactically~*~*~ (retreating).
  7638 | Lair:1   | 7638 ||| RETREATING.
  7639 | Lair:1   | 7639 ||| Stepping ~*~*~tactically~*~*~ (retreating).
  7655 | Lair:1   | 7655 ||| INVOKING Heroism.
  7747 | Lair:1   | 7747 ||| INVOKING Heroism.
  7775 | Lair:1   | Noticed Joseph
  7778 | Lair:1   | 7778 ||| RETREATING.
  7783 | Lair:1   | 7783 ||| Stepping ~*~*~tactically~*~*~ (retreating).
  7784 | Lair:1   | 7784 ||| Stepping ~*~*~tactically~*~*~ (retreating).
  7785 | Lair:1   | 7785 ||| Stepping ~*~*~tactically~*~*~ (retreating).
  7786 | Lair:1   | 7786 ||| Stepping ~*~*~tactically~*~*~ (retreating).
  7787 | Lair:1   | 7787 ||| Stepping ~*~*~tactically~*~*~ (retreating).
  7788 | Lair:1   | 7788 ||| Stepping ~*~*~tactically~*~*~ (retreating).
  7789 | Lair:1   | 7789 ||| Stepping ~*~*~tactically~*~*~ (retreating).
  7790 | Lair:1   | 7790 ||| Stepping ~*~*~tactically~*~*~ (retreating).
  7791 | Lair:1   | 7791 ||| Stepping ~*~*~tactically~*~*~ (retreating).
  7792 | Lair:1   | 7792 ||| Stepping ~*~*~tactically~*~*~ (retreating).
  7793 | Lair:1   | 7793 ||| Stepping ~*~*~tactically~*~*~ (retreating).
  7796 | Lair:1   | 7796 ||| INVOKING Heroism.
  7816 | Lair:1   | Reached skill level 14 in Ranged Weapons
  7820 | Lair:1   | Killed Joseph
  7822 | Lair:1   | 7822 ||| INVOKING Heroism.
  7930 | Lair:1   | 7930 ||| INVOKING Heroism.
  7995 | Lair:1   | Noticed a catoblepas
  7996 | Lair:1   | 7996 ||| INVOKING Heroism.
  8002 | Lair:1   | Killed a catoblepas
  8003 | Lair:1   | Reached XP level 12. HP: 76/76 MP: 15/18
  8160 | Lair:1   | 8160 ||| RETREATING.
  8166 | Lair:1   | 8166 ||| Stepping ~*~*~tactically~*~*~ (retreating).
  8167 | Lair:1   | 8167 ||| Stepping ~*~*~tactically~*~*~ (retreating).
  8168 | Lair:1   | 8168 ||| Stepping ~*~*~tactically~*~*~ (retreating).
  8169 | Lair:1   | 8169 ||| Stepping ~*~*~tactically~*~*~ (retreating).
  8170 | Lair:1   | 8170 ||| Stepping ~*~*~tactically~*~*~ (retreating).
  8171 | Lair:1   | 8171 ||| Stepping ~*~*~tactically~*~*~ (retreating).
  8172 | Lair:1   | 8172 ||| Stepping ~*~*~tactically~*~*~ (retreating).
  8173 | Lair:1   | 8173 ||| Stepping ~*~*~tactically~*~*~ (retreating).
  8175 | Lair:1   | 8175 ||| Stepping ~*~*~tactically~*~*~ (retreating).
  8176 | Lair:1   | 8176 ||| Stepping ~*~*~tactically~*~*~ (retreating).
  8177 | Lair:1   | 8177 ||| Stepping ~*~*~tactically~*~*~ (retreating).
  8178 | Lair:1   | 8178 ||| Stepping ~*~*~tactically~*~*~ (retreating).
  8179 | Lair:1   | 8179 ||| Stepping ~*~*~tactically~*~*~ (retreating).
  8182 | Lair:1   | 8182 ||| Stepping ~*~*~tactically~*~*~ (retreating).
  8185 | Lair:1   | Reached ***** piety under Okawaru
  8195 | Lair:1   | Reached skill level 9 in Invocations
  8357 | Lair:1   | 8357 ||| READING 2 scrolls labelled FEOMALUA UFAL.
  8358 | Lair:1   | 8358 ||| DROPPING scroll of blinking.
  8362 | Lair:2   | Noticed a death yak
  8362 | Lair:2   | Noticed a death yak
  8362 | Lair:2   | Noticed a death yak
  8363 | Lair:2   | 8363 ||| RETREATING.
  8364 | Lair:2   | 8364 ||| STAIRDANCE
  8379 | Lair:2   | 8379 ||| STAIRDANCE
  8381 | Lair:1   | 8381 ||| INVOKING Heroism.
  8382 | Lair:1   | 8382 ||| INVOKING Finesse.
  8393 | Lair:1   | Killed a death yak
  8395 | Lair:1   | HP: 19/77 [wolf (7)]
  8396 | Lair:1   | 8396 ||| READING 6 scrolls of teleportation.
  8399 | Lair:1   | HP: 6/77 [death yak (16)]
  8400 | Lair:1   | 8400 ||| DRINKING potion of heal wounds.
  8448 | Lair:2   | 8448 ||| STAIRDANCE
  8471 | Lair:2   | 8471 ||| STAIRDANCE
  8489 | Lair:2   | Found a hole to the Spider Nest.
  8505 | Lair:2   | 8505 ||| Stepping ~*~*~tactically~*~*~ (retreating).
  8567 | Lair:2   | Found a staircase to the Shoals.
  8730 | Lair:2   | 8730 ||| Stepping ~*~*~tactically~*~*~ (retreating).
  8731 | Lair:2   | 8731 ||| Stepping ~*~*~tactically~*~*~ (retreating).
  8747 | Lair:2   | Identified the +3 buckler "Killui" {rCorr Dex+6 Stlth-}
                  | (Okawaru gifted it to you on level 2 of the Lair of Beasts)
  8747 | Lair:2   | Received a gift from Okawaru
  8817 | Lair:2   | Reached skill level 15 in Ranged Weapons
  8817 | Lair:2   | 8817 ||| INVOKING Heroism.
  8837 | Lair:2   | 8837 ||| READING scroll of brand weapon.
  8837 | Lair:2   | 8837 ||| BRANDING +3 longbow of freezing.
  8970 | Lair:2   | 8970 ||| INVOKING Heroism.
  9010 | Lair:2   | 9010 ||| INVOKING Finesse.
  9047 | Lair:2   | 9047 ||| INVOKING Heroism.
  9068 | Lair:2   | Killed a death yak
  9069 | Lair:2   | Reached skill level 6 in Armour
  9266 | Lair:2   | 9266 ||| UPGRADING to +3 leather armour.
  9276 | Lair:2   | 9276 ||| DROPPING +0 ring mail.
  9277 | Lair:2   | 9277 ||| UPGRADING to +6 ring of strength.
  9278 | Lair:2   | 9278 ||| READING scroll labelled BAGOATY MIYMORAO.
  9279 | Lair:2   | 9279 ||| READING 2 scrolls of identify.
  9279 | Lair:2   | 9279 ||| IDENTIFYING glowing green potion
  9301 | Lair:3   | 9301 ||| PLANNING GAUNTLET
  9322 | Lair:3   | 9322 ||| INVOKING Heroism.
  9324 | Lair:3   | 9324 ||| RETREATING.
  9331 | Lair:3   | 9331 ||| Stepping ~*~*~tactically~*~*~ (retreating).
  9332 | Lair:3   | 9332 ||| Stepping ~*~*~tactically~*~*~ (retreating).
  9333 | Lair:3   | 9333 ||| Stepping ~*~*~tactically~*~*~ (retreating).
  9334 | Lair:3   | 9334 ||| Stepping ~*~*~tactically~*~*~ (retreating).
  9346 | Lair:3   | 9346 ||| INVOKING Heroism.
  9384 | Lair:3   | Noticed a five-headed hydra
  9387 | Lair:3   | Killed a five-headed hydra
  9389 | Lair:3   | 9389 ||| INVOKING Heroism.
  9433 | Lair:3   | You fall into a shaft and drop 1 floor!
  9458 | Lair:3   | 9458 ||| INVOKING Heroism.
  9462 | Lair:3   | Reached XP level 13. HP: 82/82 MP: 17/20
  9498 | Lair:3   | 9498 ||| INVOKING Heroism.
  9518 | Lair:3   | 9518 ||| READING scroll of enchant armour.
  9518 | Lair:3   | 9518 ||| ENCHANTING +1 pair of gloves.
  9650 | Lair:3   | Reached skill level 16 in Ranged Weapons
  9673 | Lair:3   | 9673 ||| READING scroll of enchant armour.
  9673 | Lair:3   | 9673 ||| ENCHANTING +0 helmet.
  9689 | Lair:3   | 9689 ||| Stepping ~*~*~tactically~*~*~ (retreating).
  9691 | Lair:3   | 9691 ||| Stepping ~*~*~tactically~*~*~ (retreating).
  9692 | Lair:3   | 9692 ||| Stepping ~*~*~tactically~*~*~ (retreating).
  9693 | Lair:3   | 9693 ||| Stepping ~*~*~tactically~*~*~ (retreating).
  9694 | Lair:3   | 9694 ||| Stepping ~*~*~tactically~*~*~ (retreating).
  9695 | Lair:3   | 9695 ||| Stepping ~*~*~tactically~*~*~ (retreating).
  9696 | Lair:3   | 9696 ||| Stepping ~*~*~tactically~*~*~ (retreating).
  9697 | Lair:3   | 9697 ||| Stepping ~*~*~tactically~*~*~ (retreating).
  9698 | Lair:3   | 9698 ||| Stepping ~*~*~tactically~*~*~ (retreating).
  9732 | Lair:3   | Found a gate leading to a gauntlet.
  9733 | Lair:3   | 9733 ||| READING 2 scrolls labelled NAEXTE YDUMM.
  9734 | Lair:3   | 9734 ||| DROPPING scroll of immolation.
  9755 | Gauntlet | Entered a Gauntlet
  9755 | Gauntlet | Found a large runed translucent door.
  9755 | Gauntlet | Found a large runed translucent door.
  9755 | Gauntlet | Found a large runed translucent door.
  9755 | Gauntlet | Found a large runed translucent door.
  9755 | Gauntlet | Found a large runed translucent door.
  9755 | Gauntlet | Found a large runed translucent door.
  9755 | Gauntlet | Found a large runed translucent door.
  9755 | Gauntlet | Found a large runed translucent door.
  9755 | Gauntlet | Found a runed translucent door.
  9755 | Gauntlet | Found a runed translucent gate.
  9755 | Gauntlet | Found a transporter.
  9755 | Gauntlet | Found a transporter.
  9755 | Gauntlet | Found a runed translucent gate.
  9755 | Gauntlet | Found a transporter.
  9756 | Gauntlet | Found a transporter.
  9759 | Gauntlet | Found a transporter.
  9763 | Gauntlet | Found a runed translucent gate.
  9763 | Gauntlet | Found a runed translucent door.
  9764 | Gauntlet | Found a large runed translucent door.
  9764 | Gauntlet | Found a large runed translucent door.
  9775 | Gauntlet | Found a transporter.
  9775 | Gauntlet | Found a transporter.
  9829 | Gauntlet | Found a large runed translucent door.
  9829 | Gauntlet | Found a large runed translucent door.
  9830 | Gauntlet | Found a large runed translucent door.
  9830 | Gauntlet | Found a large runed translucent door.
  9831 | Gauntlet | Found a large runed translucent door.
  9831 | Gauntlet | Found a large runed translucent door.
  9835 | Gauntlet | Found a transporter.
  9845 | Gauntlet | Found a transporter.
  9861 | Gauntlet | Found a transporter.
  9873 | Gauntlet | Found a transporter.
  9886 | Gauntlet | Found a transporter.
  9955 | Gauntlet | 9955 ||| RETREATING.
  9957 | Gauntlet | 9957 ||| INVOKING Heroism.
  9958 | Gauntlet | 9958 ||| Stepping ~*~*~tactically~*~*~ (retreating).
  9959 | Gauntlet | 9959 ||| Stepping ~*~*~tactically~*~*~ (retreating).
 10003 | Gauntlet | Identified the +2 cloak of Rielunygg {rC+}
 10009 | Gauntlet | 10009 ||| UPGRADING to +2 cloak of Rielunygg {rC+}.
 10020 | Gauntlet | 10020 ||| Stepping ~*~*~tactically~*~*~ (retreating).
 10022 | Gauntlet | 10022 ||| Stepping ~*~*~tactically~*~*~ (retreating).
 10023 | Gauntlet | 10023 ||| Stepping ~*~*~tactically~*~*~ (retreating).
 10027 | Gauntlet | 10027 ||| INVOKING Heroism.
 10065 | Gauntlet | 10065 ||| READING scroll of enchant weapon.
 10065 | Gauntlet | 10065 ||| ENCHANTING +3 heavy longbow.
 10068 | Gauntlet | 10068 ||| UPGRADING to ring of see invisible.
 10081 | Gauntlet | Noticed a minotaur
 10082 | Gauntlet | 10082 ||| INVOKING Heroism.
 10090 | Gauntlet | Killed a minotaur
 10169 | Gauntlet | 10169 ||| READING scroll labelled UCVIAKEUNY.
 10174 | Lair:3   | 10174 ||| PLANNING LAIR
 10343 | Lair:3   | 10343 ||| INVOKING Heroism.
 10610 | Lair:3   | 10610 ||| DROPPING +1 hat.
 10611 | Lair:3   | 10611 ||| UPGRADING to amulet of faith.
 10749 | Lair:4   | 10749 ||| INVOKING Heroism.
 11005 | Lair:4   | Found a viscous altar of Jiyva.
 11006 | Lair:4   | 11006 ||| INVOKING Heroism.
 11008 | Lair:4   | 11008 ||| FLEEEEING.
 11103 | Lair:4   | 11103 ||| INVOKING Heroism.
 11108 | Lair:4   | Reached skill level 17 in Ranged Weapons
 11115 | Lair:4   | Found a staircase to the Slime Pits.
 11224 | Lair:4   | 11224 ||| INVOKING Heroism.
 11668 | Lair:5   | Entered Level 5 of the Lair of Beasts
 11694 | Lair:5   | 11694 ||| INVOKING Heroism.
 11697 | Lair:5   | 11697 ||| Stepping ~*~*~tactically~*~*~ (retreating).
 11698 | Lair:5   | 11698 ||| Stepping ~*~*~tactically~*~*~ (retreating).
 11699 | Lair:5   | 11699 ||| Stepping ~*~*~tactically~*~*~ (retreating).
 11707 | Lair:5   | Reached skill level 6 in Dodging
 11742 | Lair:5   | 11742 ||| INVOKING Heroism.
 11940 | Lair:5   | Found a frozen archway.
 12005 | Lair:5   | 12005 ||| RETREATING.
 12010 | Lair:5   | 12010 ||| Stepping ~*~*~tactically~*~*~ (retreating).
 12014 | Lair:5   | 12014 ||| Stepping ~*~*~tactically~*~*~ (retreating).
 12015 | Lair:5   | 12015 ||| Stepping ~*~*~tactically~*~*~ (retreating).
 12016 | Lair:5   | 12016 ||| Stepping ~*~*~tactically~*~*~ (retreating).
 12017 | Lair:5   | 12017 ||| INVOKING Heroism.
 12019 | Lair:5   | 12019 ||| Stepping ~*~*~tactically~*~*~ (retreating).
 12029 | Lair:5   | 12029 ||| Stepping ~*~*~tactically~*~*~ (retreating).
 12037 | Lair:5   | Gained mutation: Your large and strong wings let you fly.
                  | [Gargoyle growth]
 12037 | Lair:5   | Reached XP level 14. HP: 81/90 MP: 21/21
 12162 | Lair:5   | Received a gift from Okawaru
 12163 | Lair:5   | Reached skill level 18 in Ranged Weapons
 12274 | Lair:5   | 12274 ||| INVOKING Heroism.
 12275 | Lair:5   | 12275 ||| INVOKING Finesse.
 12374 | Lair:5   | 12374 ||| INVOKING Heroism.
 12510 | Lair:5   | 12510 ||| RETREATING.
 12511 | Lair:5   | 12511 ||| Stepping ~*~*~tactically~*~*~ (retreating).
 12512 | Lair:5   | 12512 ||| Stepping ~*~*~tactically~*~*~ (retreating).
 12570 | Lair:5   | Reached skill level 12 in Fighting
 12756 | Lair:5   | 12756 ||| FLEEEEING.
 12805 | Lair:5   | 12805 ||| Stepping ~*~*~tactically~*~*~ (outnumbered).
 12912 | Lair:5   | Found a corrupted altar of Lugonu.
 12912 | Lair:5   | Found a one-way gate to the infinite horrors of the Abyss.
 13264 | Lair:5   | 13264 ||| PLANNING D:1-11
 13264 | Lair:5   | 13264 ||| DROPPING ring of ice.
 13265 | Lair:5   | 13265 ||| READING 6 scrolls of identify.
 13265 | Lair:5   | 13265 ||| IDENTIFYING metallic blue potion
 13266 | Lair:5   | 13266 ||| DROPPING potion of attraction.
 13465 | D:11     | Received a gift from Okawaru
 13532 | D:11     | Reached skill level 19 in Ranged Weapons
 13543 | D:11     | 13543 ||| DROPPING +2 cloak of stealth.
 14096 | D:11     | 14096 ||| PLANNING D
 14096 | D:11     | 14096 ||| UPGRADING to +0 troll leather armour.
 14106 | D:11     | 14106 ||| DROPPING +3 leather armour.
 14126 | D:12     | 14126 ||| READING scroll of enchant armour.
 14126 | D:12     | 14126 ||| ENCHANTING +1 helmet.
 14159 | D:12     | 14159 ||| INVOKING Heroism.
 14161 | D:12     | 14161 ||| RETREATING.
 14167 | D:12     | 14167 ||| Stepping ~*~*~tactically~*~*~ (retreating).
 14343 | D:12     | 14343 ||| RETREATING.
 14348 | D:12     | 14348 ||| Stepping ~*~*~tactically~*~*~ (retreating).
 14349 | D:12     | 14349 ||| Stepping ~*~*~tactically~*~*~ (retreating).
 14350 | D:12     | 14350 ||| Stepping ~*~*~tactically~*~*~ (retreating).
 14352 | D:12     | 14352 ||| Stepping ~*~*~tactically~*~*~ (retreating).
 14353 | D:12     | 14353 ||| Stepping ~*~*~tactically~*~*~ (retreating).
 14354 | D:12     | 14354 ||| Stepping ~*~*~tactically~*~*~ (retreating).
 14355 | D:12     | 14355 ||| Stepping ~*~*~tactically~*~*~ (retreating).
 14356 | D:12     | 14356 ||| Stepping ~*~*~tactically~*~*~ (retreating).
 14382 | D:12     | 14382 ||| Stepping ~*~*~tactically~*~*~ (outnumbered).
 14384 | D:12     | 14384 ||| Stepping ~*~*~tactically~*~*~ (outnumbered).
 14389 | D:12     | 14389 ||| Stepping ~*~*~tactically~*~*~ (outnumbered).
 14391 | D:12     | 14391 ||| Stepping ~*~*~tactically~*~*~ (outnumbered).
 14446 | D:12     | Found a staircase to the Orcish Mines.
 14567 | D:12     | 14567 ||| Stepping ~*~*~tactically~*~*~ (outnumbered).
 14651 | D:13     | 14651 ||| STAIRDANCE
 14704 | D:13     | 14704 ||| INVOKING Heroism.
 14705 | D:13     | 14705 ||| INVOKING Finesse.
 14714 | D:13     | Reached XP level 15. HP: 98/98 MP: 15/22
 14721 | D:13     | 14721 ||| Stepping ~*~*~tactically~*~*~ (outnumbered).
 14950 | D:13     | Identified the +3 arbalest "Rerphiam" {heavy, rElec rN+
                  | Will-} (Okawaru gifted it to you on level 13 of the
                  | Dungeon)
 14950 | D:13     | Received a gift from Okawaru
 15205 | D:13     | 15205 ||| Stepping ~*~*~tactically~*~*~ (outnumbered).
 15297 | D:14     | Found Derittibys's Pet Rocks.
 15547 | D:14     | 15547 ||| Stepping ~*~*~tactically~*~*~ (retreating).
 15548 | D:14     | 15548 ||| INVOKING Heroism.
 15549 | D:14     | 15549 ||| Stepping ~*~*~tactically~*~*~ (retreating).
 15621 | D:14     | 15621 ||| INVOKING Heroism.
 15622 | D:14     | 15622 ||| READING 11 scrolls of teleportation.
 15649 | D:14     | Reached skill level 20 in Ranged Weapons
 15655 | D:14     | Identified the +1 pair of gloves of the Orb Guardian {rPois
                  | rC+++ Will+ Slay-3} (Okawaru gifted it to you on level 14
                  | of the Dungeon)
 15655 | D:14     | Received a gift from Okawaru
 15765 | D:14     | Found a gate to the Vaults.
 15907 | D:14     | 15907 ||| INVOKING Heroism.
 15908 | D:14     | 15908 ||| READING 10 scrolls of teleportation.
 15910 | D:14     | HP: 14/98 [titanic slime creature (84)]
 15911 | D:14     | 15911 ||| DRINKING potion of heal wounds.
 15983 | D:14     | 15983 ||| RETREATING.
 15988 | D:14     | 15988 ||| INVOKING Heroism.
 15990 | D:14     | 15990 ||| READING 9 scrolls of teleportation.
 15992 | D:14     | 15992 ||| Stepping ~*~*~tactically~*~*~ (retreating).
 16033 | D:14     | 16033 ||| READING 8 scrolls of teleportation.
 16034 | D:14     | 16034 ||| FLEEEEING.
 16035 | D:14     | 16035 ||| FLEEEEING.
 16036 | D:14     | 16036 ||| FLEEEEING.
 16069 | D:14     | 16069 ||| UPGRADING to +1 pair of gloves of the Orb
                  | Guardian {rPois rC+++ Will+ Slay-3}.
 16079 | D:14     | 16079 ||| READING 8 scrolls of identify.
 16079 | D:14     | 16079 ||| IDENTIFYING blue potion
 16103 | D:15     | Entered Level 15 of the Dungeon
 16168 | D:15     | Found a staircase to the Depths.
 16177 | D:15     | 16177 ||| INVOKING Heroism.
 16370 | D:15     | Found a snail-covered altar of Cheibriados.
 16392 | D:15     | 16392 ||| INVOKING Heroism.
 16393 | D:15     | 16393 ||| INVOKING Finesse.
 16395 | D:15     | 16395 ||| RETREATING.
 16399 | D:15     | 16399 ||| Stepping ~*~*~tactically~*~*~ (retreating).
 16400 | D:15     | 16400 ||| Stepping ~*~*~tactically~*~*~ (retreating).
 16401 | D:15     | 16401 ||| Stepping ~*~*~tactically~*~*~ (retreating).
 16404 | D:15     | 16404 ||| Stepping ~*~*~tactically~*~*~ (outnumbered).
 16405 | D:15     | 16405 ||| RETREATING.
 16710 | D:15     | Found an ornate altar of the Wu Jian Council.
 16930 | D:15     | 16930 ||| INVOKING Heroism.
 16940 | D:15     | 16940 ||| RETREATING.
 17117 | D:15     | 17117 ||| READING scroll of enchant armour.
 17117 | D:15     | 17117 ||| ENCHANTING +0 pair of boots.
 17406 | D:15     | 17406 ||| PLANNING ORC
 17406 | D:15     | 17406 ||| DROPPING +1 cloak.
 17407 | D:15     | 17407 ||| DROPPING +6 ring of strength.
 17408 | D:15     | 17408 ||| DROPPING ring of protection from cold.
 17409 | D:15     | 17409 ||| UPGRADING to +6 ring of dexterity.
 17505 | Orc:1    | Entered Level 1 of the Orcish Mines
 17506 | Orc:1    | 17506 ||| Stepping ~*~*~tactically~*~*~ (outnumbered).
 17570 | Orc:1    | Noticed Urug
 17571 | Orc:1    | 17571 ||| INVOKING Heroism.
 17572 | Orc:1    | 17572 ||| INVOKING Finesse.
 17577 | Orc:1    | Killed Urug
 17899 | Orc:2    | Entered Level 2 of the Orcish Mines
 17899 | Orc:2    | Found Satoxits's Assorted Antiques.
 17907 | Orc:2    | 17907 ||| RETREATING.
 17908 | Orc:2    | 17908 ||| Stepping ~*~*~tactically~*~*~ (retreating).
 17914 | Orc:2    | 17914 ||| INVOKING Heroism.
 17917 | Orc:2    | 17917 ||| Stepping ~*~*~tactically~*~*~ (outnumbered).
 17927 | Orc:2    | 17927 ||| Stepping ~*~*~tactically~*~*~ (outnumbered).
 17929 | Orc:2    | 17929 ||| Stepping ~*~*~tactically~*~*~ (outnumbered).
 17931 | Orc:2    | 17931 ||| RETREATING.
 17963 | Orc:2    | 17963 ||| BUYING potion of curing (87 gold).
 17963 | Orc:2    | Bought a potion of curing for 87 gold pieces
 17963 | Orc:2    | 17963 ||| BUYING scroll of teleportation (87 gold).
 17963 | Orc:2    | Bought a scroll of teleportation for 87 gold pieces
 17963 | Orc:2    | 17963 ||| BUYING wand of digging (2) (243 gold).
 17963 | Orc:2    | Bought a wand of digging (2) for 243 gold pieces
 18010 | Orc:2    | 18010 ||| RETREATING.
 18013 | Orc:2    | 18013 ||| INVOKING Heroism.
 18015 | Orc:2    | 18015 ||| Stepping ~*~*~tactically~*~*~ (retreating).
 18019 | Orc:2    | 18019 ||| Stepping ~*~*~tactically~*~*~ (outnumbered).
 18025 | Orc:2    | Reached skill level 9 in Dodging
 18151 | Orc:2    | Reached XP level 16. HP: 93/107 MP: 23/23
 18165 | Orc:2    | 18165 ||| INVOKING Heroism.
 18209 | Orc:2    | Found Wom Qiro's General Store.
 18212 | Orc:2    | Found Tirghoth's General Store.
 18225 | Orc:2    | 18225 ||| BUYING potion of haste (130 gold).
 18225 | Orc:2    | Bought a potion of haste for 130 gold pieces
 18227 | Orc:2    | 18227 ||| BUYING +5 ring of evasion (468 gold).
 18227 | Orc:2    | Bought a +5 ring of evasion for 468 gold pieces
 18227 | Orc:2    | 18227 ||| BUYING scroll of identify (26 gold).
 18227 | Orc:2    | Bought a scroll of identify for 26 gold pieces
 18253 | Orc:2    | 18253 ||| Stepping ~*~*~tactically~*~*~ (retreating).
 18255 | Orc:2    | 18255 ||| INVOKING Heroism.
 18263 | Orc:2    | 18263 ||| Stepping ~*~*~tactically~*~*~ (outnumbered).
 18272 | Orc:2    | 18272 ||| Stepping ~*~*~tactically~*~*~ (outnumbered).
 18274 | Orc:2    | 18274 ||| Stepping ~*~*~tactically~*~*~ (outnumbered).
 18283 | Orc:2    | 18283 ||| Stepping ~*~*~tactically~*~*~ (outnumbered).
 18286 | Orc:2    | 18286 ||| Stepping ~*~*~tactically~*~*~ (outnumbered).
 18297 | Orc:2    | 18297 ||| INVOKING Heroism.
 18299 | Orc:2    | 18299 ||| Stepping ~*~*~tactically~*~*~ (retreating).
 18300 | Orc:2    | 18300 ||| Stepping ~*~*~tactically~*~*~ (outnumbered).
 18341 | Orc:2    | 18341 ||| Stepping ~*~*~tactically~*~*~ (outnumbered).
 18351 | Orc:2    | 18351 ||| INVOKING Heroism.
 18617 | Orc:2    | 18617 ||| FLEEEEING.
 18618 | Orc:2    | 18618 ||| FLEEEEING.
 18619 | Orc:2    | 18619 ||| FLEEEEING.
 18620 | Orc:2    | 18620 ||| FLEEEEING.
 18621 | Orc:2    | 18621 ||| FLEEEEING.
 18622 | Orc:2    | 18622 ||| FLEEEEING.
 18623 | Orc:2    | 18623 ||| FLEEEEING.
 18624 | Orc:2    | 18624 ||| FLEEEEING.
 18625 | Orc:2    | 18625 ||| FLEEEEING.
 18642 | Orc:2    | 18642 ||| INVOKING Heroism.
 18643 | Orc:2    | 18643 ||| Stepping ~*~*~tactically~*~*~ (outnumbered).
 18644 | Orc:2    | 18644 ||| Stepping ~*~*~tactically~*~*~ (outnumbered).
 18645 | Orc:2    | 18645 ||| Stepping ~*~*~tactically~*~*~ (outnumbered).
 18646 | Orc:2    | 18646 ||| Stepping ~*~*~tactically~*~*~ (outnumbered).
 18647 | Orc:2    | 18647 ||| Stepping ~*~*~tactically~*~*~ (outnumbered).
 18648 | Orc:2    | 18648 ||| Stepping ~*~*~tactically~*~*~ (outnumbered).
 18763 | Orc:2    | Found a staircase to the Elven Halls.
 18766 | Orc:2    | Found Gunok's Armour Emporium.
 18775 | Orc:2    | 18775 ||| BUYING +1 cloak of Starlight {*Dazzle EV+4
                  | Stlth--} (457 gold).
 18775 | Orc:2    | Bought the +1 cloak of Starlight {*Dazzle EV+4 Stlth--} for
                  | 457 gold pieces
 18775 | Orc:2    | Found the +1 cloak of Starlight {*Dazzle EV+4 Stlth--}
 18883 | Orc:2    | 18883 ||| RETREATING.
 18884 | Orc:2    | 18884 ||| Stepping ~*~*~tactically~*~*~ (outnumbered).
 18886 | Orc:2    | 18886 ||| INVOKING Heroism.
 18887 | Orc:2    | 18887 ||| Stepping ~*~*~tactically~*~*~ (outnumbered).
 18888 | Orc:2    | 18888 ||| Stepping ~*~*~tactically~*~*~ (outnumbered).
 18889 | Orc:2    | 18889 ||| Stepping ~*~*~tactically~*~*~ (retreating).
 18890 | Orc:2    | 18890 ||| Stepping ~*~*~tactically~*~*~ (retreating).
 18896 | Orc:2    | Reached skill level 15 in Fighting
 18899 | Orc:2    | 18899 ||| INVOKING Finesse.
 18928 | Orc:2    | HP: 18/108 [orc priest/divine providence[an orc knight]
                  | (14)]
 18929 | Orc:2    | 18929 ||| READING 8 scrolls of teleportation.
 18929 | Orc:2    | Slain by an orc warrior

Levels and vault maps discovered:
D:1:      amcnicky_arrival_blooded_trapdoor, layout_basic
D:2:      kennysheep_big_flooded_room, layout_basic, grunt_ministairs_10,
          hangedman_decor_growths
D:3:      layout_loops_ring, shapermc_ecumenical_altar_mp_urbaneastern,
          kennysheep_generic_room_2
D:4:      layout_loops_corners, marbit_many_paths, uniq_natasha
D:5:      layout_rooms, minitemple, serial_shops, nicolae_shop_stone
D:6:      layout_layer_cave, mainiacjoe_overflow_brackets,
          kennysheep_okawaru_gauntlet, hangedman_abyss_or_decor_stabs
D:7:      layout_layer_cave, minmay_temple_entry_offerings,
          minmay_misc_feat_roman
D:8:      layout_basic, grunt_ministairs_13, fungi_pond_lemuel
D:9:      layout_roguey [special_room_kobold], serial_glass, glass_columns_a,
          glass_columns_b, chequers_serial_rivers_room_b, minivault_15,
          dk_noncrumbling_2
D:10:     layout_cave_pools, nicolae_qazlal_style_of_elements,
          due_lair_maze_entry_diamond, enter_bailey_7
D:11:     layout_loops_ring, serial_bayou_lagoon_b
D:12:     layout_cave_pools, david_orc_3
D:13:     layout_rooms
D:14:     layout_roguey, david_vaults_4, chequers_serial_rivers_micro_c,
          kennysheep_flooded_box, guppyfry_shop_earth
D:15:     gammafunk_depths_entry_grave, layout_stronghold,
          nicolae_wu_jian_immortal_techniques, slow_altar_1
Lair:1:   layout_hall_layers, grunt_megastairs_2, uniq_joseph
Lair:2:   layout_roguey, minmay_shoals_entry_centaurs, dummy_spider_entry,
          columned_hall_lemuel, grunt_megastairs_5
Lair:3:   layout_gridlike, special_room [special_room_bee],
          gauntlet_entry_generic, minmay_lair_oklob_bushes
Lair:4:   layout_cave_pods, minmay_slime_entry_oklob_enclosed
Lair:5:   hellmonk_lair_end_abyssal_woods, layout_cave_pods,
          portal_ice_cave_entry_ice_simulacra
Orc:1:    layout_caves, nicolae_orc_crystal_geode, uniq_urug
Orc:2:    pf_orc_diabolical, layout_diamond_mine, serial_shops, shop,
          nicolae_shop_statue_plus, minmay_orc_treasury

Skill      XL: |  1  2  3  4  5  6  7  8  9 10 11 12 13 14 15 16 |
---------------+-------------------------------------------------+-----
Ranged Weapons | 5 6 8 10 11 13 14 15 17 19 20 | 20.0
Armour         | 1 3 4 5 6 7 |  7.7
Fighting       | 3 4 5 6 7 9 10 11 13 14 15 | 15.0
Dodging        | 2 3 4 5 6 7 9 10 | 10.0
Invocations    | 4 8 10 | 10.0
Stealth        | |  1.1

Action                     |  1- 3 |  4- 6 |  7- 9 | 10-12 | 13-15 | 16-18 || total
---------------------------+-------+-------+-------+-------+-------+-------++-------
   Fire: Shortbow          |   138 |    28 |       |       |       |       ||   166
         Longbow           |       |   115 |   220 |   576 |   992 |   184 ||  2087
 Invoke: Heroism           |       |       |     3 |    22 |    26 |     6 ||    57
         Finesse           |       |       |       |     2 |     4 |     1 ||     7
    Use: Potion            |     3 |     1 |     3 |     1 |     1 |       ||     9
         Scroll            |     1 |     3 |    11 |     9 |    13 |     1 ||    38
 Armour: Leather armour    |    27 |       |       |     9 |   297 |       ||   333
         Ring mail         |    56 |    59 |    70 |   422 |       |       ||   607
         Troll leather arm |       |       |       |       |   166 |    50 ||   216
  Dodge: Dodged            |    67 |    45 |    52 |   457 |   501 |    93 ||  1215

Table legend:
 A = Non-vault XP
 B = Vault XP
 C = Vault XP percentage of total XP
 D = Non-vault monster count
 E = Vault monster count
 F = Vault count percentage of total count
                 A         B        C        D         E       F
            +---------+---------+-------+---------+---------+-------
      Total |   94448 |   52211 |  35.6 |     503 |     237 |  32.0
            +---------+---------+-------+---------+---------+-------
        D:1 |      42 |       0 |   0.0 |      24 |       0 |   0.0
        D:2 |      43 |      31 |  41.9 |      17 |       4 |  19.0
        D:3 |      18 |       4 |  18.2 |      12 |       2 |  14.3
        D:4 |      77 |      37 |  32.5 |      19 |       2 |   9.5
        D:5 |     857 |       0 |   0.0 |      20 |       0 |   0.0
        D:6 |     719 |       3 |   0.4 |      11 |       2 |  15.4
        D:7 |     966 |       0 |   0.0 |      20 |       0 |   0.0
        D:8 |    1266 |     155 |  10.9 |      24 |       2 |   7.7
        D:9 |    1182 |    2887 |  71.0 |      19 |      27 |  58.7
       D:10 |    2347 |    1105 |  32.0 |      20 |      14 |  41.2
       D:11 |    4580 |       0 |   0.0 |      20 |       0 |   0.0
       D:12 |    9345 |     191 |   2.0 |      35 |       7 |  16.7
       D:13 |    6468 |       0 |   0.0 |      16 |       0 |   0.0
       D:14 |    7601 |    2844 |  27.2 |      20 |       6 |  23.1
       D:15 |   12694 |    4723 |  27.1 |      28 |       9 |  24.3
     Lair:1 |    8223 |    1186 |  12.6 |      34 |       4 |  10.5
     Lair:2 |    6761 |     654 |   8.8 |      35 |       6 |  14.6
     Lair:3 |    9246 |    1716 |  15.7 |      29 |      16 |  35.6
     Lair:4 |    1571 |    1062 |  40.3 |       7 |       2 |  22.2
     Lair:5 |   11941 |   12368 |  50.9 |      34 |      44 |  56.4
      Orc:1 |    2959 |     796 |  21.2 |      15 |       1 |   6.2
      Orc:2 |    5542 |   17447 |  75.9 |      44 |      78 |  63.9
   Gauntlet |       0 |    5002 | 100.0 |       0 |      11 | 100.0
            +---------+---------+-------+---------+---------+-------
